 Dungeon Crawl Stone Soup version 0.19-a0-1682-g5114f93 (webtiles) character file.

1209 st0uf the Skirmisher (level 8, -3/65 HPs)
             Began as a Demonspawn Fighter on Sept 24, 2016.
             Was a Follower of Qazlal.
             Slain by an ogre
             ... wielding a +0 giant spiked club
              (24 damage)
             ... on level 5 of the Dungeon.
             The game lasted 00:17:28 (5176 turns).

st0uf the Skirmisher (Demonspawn Fighter)           Turns: 5176, Time: 00:17:29

Health: -3/65      AC: 12    Str: 20    XL:     8   Next: 22%
Magic:  8/8        EV: 11    Int:  9    God:    Qazlal [*.....]
Gold:   265        SH:  1    Dex: 12    Spells: 0 memorised, 7 levels left

rFire  + . .     SeeInvis .     a - +0 war axe
rCold  . . .     Gourm    .     b - +0 scale mail
rNeg   . . .     Faith    .     (no shield)
rPois  .         Spirit   .     (helmet restricted)
rElec  .         Dismiss  .     (no cloak)
rCorr  +         Reflect  .     (no gloves)
MR     .....     Harm     .     y - +0 pair of boots
Stlth  ..........               (no amulet)
                                q - ring of resist corrosion
                                p - ring of protection from fire

@: no status effects
A: horns 1, slimy green scales 2, demonic guardian 1
a: Renounce Religion


You were on level 5 of the Dungeon.
You worshipped Qazlal.
Qazlal was aware of your devotion.
You were not hungry.

You visited 2 branches of the dungeon, and saw 7 of its levels.

You collected 265 gold pieces.

Inventory:

Hand Weapons
 a - a +0 war axe (weapon)
Armour
 b - a +0 scale mail (worn)
 y - a +0 pair of boots (worn)
Jewellery
 p - a ring of protection from fire (left hand)
 q - a ring of resist corrosion (right hand)
 x - an uncursed ring of positive energy {unknown}
 C - an uncursed ring of protection from fire
Wands
 E - a wand of hasting (5/9)
Scrolls
 c - 3 scrolls of enchant armour {unknown}
 e - 5 scrolls of identify {unknown}
 j - 2 scrolls of immolation {unknown}
 l - 3 scrolls of amnesia {unknown}
 n - 2 scrolls of teleportation {unknown}
 r - 2 scrolls of remove curse {unknown}
 s - 2 scrolls of random uselessness {unknown}
 u - 2 scrolls of enchant weapon {unknown}
 A - 2 scrolls of magic mapping {unknown}
Potions
 d - a potion of might
 g - a potion of degeneration {unknown}
 h - 4 potions of curing {unknown}
 i - a potion of cancellation {unknown}
 m - a potion of lignification {unknown}
 o - 2 potions of heal wounds {unknown}
 t - 3 potions of brilliance {unknown}
 B - a potion of berserk rage {unknown}
 D - a potion of flight {unknown}
 G - a potion of agility {unknown}
Books
 H - a book of Spatial Translocations

   Spells                             Type                      Level
   a - Apportation                    Translocation                1
   b - Blink                          Translocation                2
   c - Shroud of Golubria             Charms/Translocation         2
   d - Portal Projectile              Translocation                3
   e - Teleport Other                 Translocation                3
   f - Passage of Golubria            Translocation                4
Comestibles
 f - 5 bread rations
 k - 2 slices of pizza
 v - 3 meat rations
 w - 4 fruits
 z - 2 beef jerkies
 F - 3 chunks of flesh


   Skills:
 * Level 6.6 Fighting
 * Level 5.1 Axes
 + Level 4.4 Armour
 + Level 3.5 Dodging
   Level 2.6 Shields


You had 7 spell levels left.
You didn't know any spells.

Dungeon Overview and Level Annotations

Branches:
Dungeon (6/15)             Temple (1/1) D:5

Altars:
Ashenzari
Cheibriados
Dithmenos
Elyvilon
Fedhas
Gozag
Hepliaklqana
Kikubaaqudgha
Makhleb
Nemelex Xobeh
Okawaru
Qazlal
Sif Muna
Trog
Uskayaw
Vehumet
Yredelemnul
The Shining One


Innate Abilities, Weirdness & Mutations

You have a pair of small horns on your head.
You are mostly covered in slimy green scales. (AC +3)
A weak demonic guardian rushes to your aid.


Message History

Your quasit misses the orc priest.
Your quasit closely misses the orc priest. x2
The orc priest invokes the aid of Beogh against you.
Beogh smites you!
The ogre hits you with a giant spiked club.
Your quasit misses the orc priest.
Your quasit closely misses the orc priest.
Your quasit barely misses the orc priest.
The orc priest hits you but does no damage.
You climb upwards.
Some of the chunks of flesh in your inventory have rotted away.
There is a stone staircase leading down, spattered with blood here.
You barely miss the orc priest. You slash the ogre!
The orc priest barely misses you.
The ogre hits you with a giant spiked club!!
Unknown command.
You barely miss the orc priest. You hit the ogre.
The orc priest hits you but does no damage.
The ogre hits you with a giant spiked club!!
You die...

#.# #..#.#
####
#<###..#.#
#...
##.......#
#.##
#####.###.#.#
#.#
#....>#.)...#
#.#
#.#####.#...#
#.# #.#
#.)).([.# #.#
#.###.#.###O#
#(#
#...|.#...o@#
#.#
#############
#.## #>..
####


You could see an ogre and an orc priest.

Vanquished Creatures
  The ghost of Saways the Slasher, an amateur DDFi of Makhleb (D:4)
  A sky beast (D:5)
  An ice beast (D:5)
  An ogre (D:5)
  2 vampire bats (D:4)
  2 crimson imps
  A hound (D:5)
  A centaur skeleton (D:6)
  2 jellies (D:6)
  3 orc wizards
  3 worker ants
  A worker ant zombie (D:4)
  11 gnolls
  5 adders
  3 shadow imps
  An ooze (D:1)
  An adder skeleton (D:5)
  4 worms
  3 dart slugs
  20 orcs
  7 bats
  2 bat skeletons (D:4)
  3 bat zombies (D:4)
  3 giant cockroaches
  10 goblins
  5 hobgoblins
  7 jackals
  4 quokkas
  2 ball pythons
  7 frilled lizards
  4 kobolds
  2 rats (D:1)
123 creatures vanquished.

Vanquished Creatures (collateral kills)
  A howler monkey (D:4)
  A crimson imp (D:6)
  A worker ant (D:4)
  An orc (D:4)
  A giant cockroach (D:4)
  A jackal (D:6)
6 creatures vanquished.

Grand Total: 129 creatures vanquished

Notes
Turn   | Place    | Note
-------+----------+-------------------------------------------
     0 | D:1      | st0uf the Demonspawn Fighter began the quest for the Orb.
     0 | D:1      | Reached XP level 1. HP: 18/18 MP: 1/1
   243 | D:1      | Gained mutation: You have a pair of small horns on your head. [demonic ancestry]
   243 | D:1      | Reached XP level 2. HP: 22/24 MP: 2/2
   644 | D:1      | Reached skill level 1 in Dodging
   683 | D:1      | Reached XP level 3. HP: 27/29 MP: 3/3
  1479 | D:2      | Gained mutation: A weak demonic guardian rushes to your aid. [demonic ancestry]
  1479 | D:2      | Reached XP level 4. HP: 29/37 MP: 4/4
  1489 | D:2      | Reached skill level 4 in Fighting
  1684 | D:2      | Found a deep blue altar of Sif Muna.
  2254 | D:3      | Found a shattered altar of Ashenzari.
  2255 | D:3      | Found a hide-covered altar of Uskayaw.
  2255 | D:3      | Found a white marble altar of Elyvilon.
  2260 | D:3      | Found a basalt altar of Yredelemnul.
  2467 | D:3      | Found a bloodstained altar of Trog.
  2505 | D:3      | Reached XP level 5. HP: 42/42 MP: 5/5
  2775 | D:4      | Noticed Saways's ghost (amateur DDFi)
  3052 | D:4      | Killed Saways's ghost
  3052 | D:4      | Reached skill level 5 in Fighting
  3052 | D:4      | Gained mutation: You are partially covered in slimy green scales. (AC +2) [demonic ancestry]
  3052 | D:4      | Reached XP level 6. HP: 17/51 MP: 6/6
  3220 | D:4      | Found an ancient bone altar of Kikubaaqudgha.
  3235 | D:4      | Gained mutation: You are mostly covered in slimy green scales. (AC +3) [demonic ancestry]
  3235 | D:4      | Reached XP level 7. HP: 50/56 MP: 7/7
  3616 | D:5      | Entered Level 5 of the Dungeon
  3622 | D:5      | Found a staircase to the Ecumenical Temple.
  3627 | Temple   | Entered the Ecumenical Temple
  3632 | Temple   | Became a worshipper of Qazlal Stormbringer
  4095 | D:5      | Reached skill level 6 in Fighting
  4712 | D:6      | Reached XP level 8. HP: 55/64 MP: 8/8
  4763 | D:6      | Reached * piety under Qazlal
  4781 | D:6      | Reached skill level 5 in Axes
  5176 | D:5      | Slain by an ogre

Vault maps used:
D:1:      dpeg_arrival_simpleton_b, kennysheep_another_room
D:2:      lemuel_blue_sif_altar
D:3:      lightli_temple_of_fire, minitemple
D:4:      kennysheep_vampire_church, kennysheep_windowed_goal
D:5:      first_bread
D:6:      minmay_misc_feat_encased
Temple:   minmay_freezing_vapour_temple

Skill      XL: |  1  2  3  4  5  6  7  8 |
---------------+-------------------------+-----
Axes           | 2 3 4 5 |  5.1
Dodging        | 1 2 3 |  3.5
Armour         | 3 4 |  4.4
Fighting       | 4 5 6 |  6.6
Shields        | |  2.6

Action                   |  1- 3 |  4- 6 |  7- 9 || total
-------------------------+-------+-------+-------++-------
Melee: War axe           |    90 |   134 |   169 ||   393
       Headbutt          |     5 |    26 |    28 ||    59
 Stab: Distracted        |       |     2 |       ||     2
  Eat: Chunk             |     2 |     5 |     7 ||    14
Armor: Scale mail        |    51 |    86 |    75 ||   212
Dodge: Dodged            |    60 |    84 |    92 ||   236
